 Dungeon Crawl Stone Soup version 0.31-a0-988-g08d55dae12 (webtiles) character file.

Game seed: 18445638235550077559

112 Flugkiller the Insei (level 4, -2/29 HPs)
             Began as an Octopode Shapeshifter on Nov 5, 2023.
             Slain by a cerulean imp
             ... wielding a +2 spear
             ... summoned by Natasha
              (4 damage)
             ... on level 2 of the Dungeon.
             The game lasted 00:01:43 (1216 turns).

Flugkiller the Insei (Octopode Shapeshifter)        Turns: 1216, Time: 00:01:44

Health: -2/29      AC:  1    Str: 13    XL:     4   Next: 95%
Magic:  4/4        EV: 13    Int: 12    God:
Gold:   74         SH:  0    Dex: 13    Spells: 3/3 levels left

rFire   . .          .
                       - Unarmed
rCold   . . .        (no shield)
rNeg    . . .        (helmet currently unavailable)
rPois   .            (no amulet)
rElec   .            (no ring)
rCorr   .            (no ring)
SInv    .            (no ring)
Will    .....        (no ring)
Stlth   +++          (no ring)
HPRegen 0.24/turn    (no ring)
MPRegen 0.09/turn    (no ring)
                     (no ring)

%: no passive effects
@: beast-form, slowed, very slow
A: beast (slay +2), almost no armour, amphibious, 8 rings, camouflage 1,
gelatinous body 1, (nimble swimmer 1), tentacles
a: Begin Untransformation


You were on level 2 of the Dungeon.
You were a hulking beast.
You visited 1 branch of the dungeon, and saw 2 of its levels.

You collected 74 gold pieces.

Inventory:

Talismans
 b - a beast talisman
 c - a flux talisman
Scrolls
 e - 2 scrolls of identify {unknown}
 f - a scroll of noise {unknown}
 g - a scroll of teleportation {unknown}
 l - a scroll of enchant armour {unknown}
Potions
 a - 2 potions of lignification
 d - 2 potions of haste {unknown}
 h - a potion of degeneration {unknown}
 i - 3 potions of curing {unknown}
 j - a potion of might {unknown}
 k - a potion of berserk rage {unknown}
 m - a potion of attraction {unknown}


   Skills:
 - Level 2.0 Fighting
 - Level 2.0 Dodging
 + Level 1.7 Stealth
 - Level 4.0 Unarmed Combat
 - Level 4.0 Shapeshifting


You had 3 spell levels left.
You didn't know any spells.
Your spell library contained the following spells:

 Spells                   Type           Power      Damage    Failure   Level
 Kiss of Death            Conj/Necr      0%         2d5       32%         1
 Confusing Touch          Hex            0%         N/A       69%         3
 Dispel Undead            Necr           0%         3d6       97%         4


Dungeon Overview and Level Annotations

Branches:
Dungeon (2/15) Zot: 10785

Altars:

Annotations:
D:2 Natasha


Innate Abilities, Weirdness & Mutations

You are a hulking beast.
Your limbs bulge with bestial killing power. (Slay +2)
You cannot wear most types of armour.
You are amphibious.
You can wear up to eight rings at the same time.
Your skin changes colour to match your surroundings (Stealth+).
Your rubbery body absorbs attacks. (AC +1, EV +1)
((You are camouflaged when in or above water. (Stealth+)))
You have tentacles for arms and can constrict up to eight enemies at once.


Message History

You kill Natasha!
Moaning pathetically, Natasha's spirit plunges into the ground.
Training target 2.0 for Fighting reached!
Your Fighting skill increases to level 2!
You need to enable at least one skill for training.
An adder comes into view.
Found a pink potion.
A hobgoblin comes into view.
The hobgoblin shouts!
The adder hisses angrily.
You bludgeon the adder! Your grab misses the adder.
The adder is almost dead.
The adder closely misses you.
You closely miss the adder. You grab the adder.
The adder is almost dead.
You constrict the adder.
You kill the adder!
Your Stealth skill increases to level 1!
A goblin comes into view. It is wielding a +0 dagger.
You closely miss the hobgoblin.
The goblin shouts!
Your grab misses the hobgoblin. You tentacle-slap the hobgoblin.
You grab the hobgoblin. You squeeze the hobgoblin.
You kill the hobgoblin!
A kobold comes into view. It is wielding a +0 club.
The goblin closely misses you.
The kobold shouts!
You tentacle-slap the goblin.
You kill the goblin!
You miss the kobold. Your grab misses the kobold. You squeeze the kobold.
You kill the kobold!
No target in view!
No target in view!
No target in view!
No target in view!
No target in view!
No target in view!
No target in view!
No target in view!
m - a pink potion Done exploring.
Done exploring.
Done exploring.
Unknown command.
No target in view!
Level map cleared.
You see here a +0 orcbow.
There is a stone staircase leading down here.
Natasha, Servant of Life and Death comes into view.
Natasha stares at you and mumbles some strange words.
You feel yourself slow down. Natasha casts a spell at you.
You resist with some effort.
Unknown command.
Natasha howls an incantation.
You feel disoriented. Natasha closely misses you.
Natasha casts a spell.
Unknown command.
You barely miss the cerulean imp. Your grab misses the cerulean imp.
Natasha casts a spell.
The cerulean imp hits you with a +2 spear.
You tentacle-slap the cerulean imp. Your grab misses the cerulean imp.
The cerulean imp is lightly wounded.
Natasha closely misses you. The cerulean imp closely misses you.
The cerulean imp hits you with a +2 spear.
You barely miss Natasha. Your grab misses Natasha.
You squeeze Natasha, but do no damage.
Natasha hisses.
Natasha claws you!
The cerulean imp hits you with a +2 spear.
* * * LOW HITPOINT WARNING * * *
The cerulean imp misses you. Natasha closely misses you.
The cerulean imp hits you with a +2 spear.
* * * LOW HITPOINT WARNING * * *
Unknown command.
You tentacle-slap Natasha. Your grab misses Natasha.
Your squeeze misses Natasha.
Natasha is moderately wounded.
The cerulean imp barely misses you. Natasha barely misses you.
The cerulean imp closely misses you.
Unknown command.
You completely miss Natasha. You grab Natasha.
You squeeze Natasha, but do no damage.
Natasha is moderately wounded.
You constrict Natasha, but do no damage.
The cerulean imp closely misses you.
Natasha wildly gestures.
Natasha glows brightly for a moment.
Natasha completely misses you. The cerulean imp closely misses you.
The cerulean imp hits you with a +2 spear.
* * * LOW HITPOINT WARNING * * *
Unknown command.
You tentacle-slap Natasha.
Natasha is severely wounded.
You constrict Natasha. Natasha barely misses you.
The cerulean imp barely misses you.
The cerulean imp hits you with a +2 spear.
You die...

......#.........,****,*,*****,*
###.............,* *,*,* *,*
....#.#.........,* *,,.* *,*
.##.#.#.........,* *,.#* *,*
,,..#.#.........,**##..# *,*
*#..#.##.####.#####...##** *,*
*#.*#.##..##............,* *,*
,,,,..###.##...5.h......,* *,*
**,*### #.##....h.......,* *,*
,,,...###..#...5........,* *,*
,*........)>............,* *,*
,*###.######............,* *,*
†,,,,,,,,,,#............,****,*
*****,***,,#............,,,,,,*
*,*,,,,#............,******
*,*,*,,#.........[..,*
*,*,*,,#..........,,,*


You could see Natasha and 2 cerulean imps.

Vanquished Creatures
  Jessica (D:2)
  Natasha (D:2)
  2 adders (D:2)
  2 bats
  4 endoplasms
  6 goblins
  7 hobgoblins
  3 quokkas
  4 ball pythons
  5 kobolds
  7 rats
42 creatures vanquished.

Notes
Turn   | Place    | Note
-------+----------+-------------------------------------------
     0 | D:1      | Flugkiller the Octopode Shapeshifter began the quest for
                  | the Orb.
     0 | D:1      | Reached XP level 1. HP: 13/13 MP: 1/1
   295 | D:1      | Reached XP level 2. HP: 14/18 MP: 2/2
   718 | D:2      | Reached XP level 3. HP: 20/23 MP: 3/3
   798 | D:2      | Noticed Jessica
   805 | D:2      | Killed Jessica
   917 | D:2      | Reached XP level 4. HP: 28/28 MP: 4/4
  1126 | D:2      | Noticed Natasha
  1137 | D:2      | Killed Natasha
  1149 | D:2      | Reached skill level 1 in Stealth
  1206 | D:2      | Noticed Natasha
  1215 | D:2      | HP: 1/29 [cerulean imp/+2 spear[Natasha] (5)]
  1216 | D:2      | Slain by a cerulean imp

Illustrated notes

Levels and vault maps discovered:
D:1:      minmay_arrival_checkered_box, layout_basic, serial_rivers,
          chequers_serial_rivers_micro_a, chequers_serial_rivers_micro_a,
          chequers_serial_rivers_small_b, chequers_serial_rivers_micro_e,
          kennysheep_minor_cross, minmay_misc_feat_diagonals
D:2:      layout_basic, st_stairs_13, uniq_natasha, uniq_jessica

Skill      XL: |  1  2  3  4 |
---------------+-------------+-----
Unarmed Combat | 4 |  4.0
Shapeshifting  | 4 |  4.0
Fighting       | 2 |  2.0
Stealth        | 1 |  1.7
Dodging        | |  2.0

Action                     |  1- 3 |  4- 6 || total
---------------------------+-------+-------++-------
  Melee: Unarmed           |    52 |    28 ||    80
         Constrict         |    11 |     9 ||    20
         Tentacles         |     9 |     9 ||    18
   Stab: Sleeping          |     4 |     3 ||     7
 Armour: Skin              |    13 |    12 ||    25
  Dodge: Dodged            |    31 |    24 ||    55

Table legend: (Time is in decaauts)
 A = Elapsed time spent in this place.
 B = Non-inter-level travel time spent in this place.
 C = Inter-level travel time spent in this place.
 D = Time resting spent in this place.
 E = Time spent auto-exploring this place.
 F = Levels seen in this place.
 G = Mean time per level.
                   A        B        C        D        E       F      G
               +--------+--------+--------+--------+--------+-----+--------+
         Total |   1213 |   1193 |     20 |     13 |    880 |   2 |  606.5 |
       Dungeon |   1213 |   1193 |     20 |     13 |    880 |   2 |  606.5 |
               +--------+--------+--------+--------+--------+-----+--------+

Top non-repeatable levels by time:
     D:1: 665 daAuts
     D:2: 548 daAuts
